Map: Catalyst LE

Players

Serral

  • Race: Zerg Zerg
  • Spawn Location: 5:00

Maru - Winner!

  • Race: Terran Terran
  • Spawn Location: 11:00

Event: WESG 2017 Haikou

VOD

Have the link to the VOD?

Description

Time

  • Played on: March 17, 2018, 3:25 a.m.
  • Length: 14:26

All games in this series

Show
View Real Time Build Order
Export as new Build Order

Serral Zerg 

Build Orders: Hatch First 

Get SALT Encoding   

  12  0:00  Drone  
  13  0:12  Overlord  
  13  0:17  Drone  
  14  0:31  Drone x2  
  16  0:49  Hatchery  
  15  0:51  Drone  
  15  0:55  Drone  
  17  1:09  Spawning Pool  
  16  1:11  Extractor  
  16  1:13  Drone  
  16  1:17  Drone  
  17  1:21  Drone  
  18  1:29  Drone  
  19  1:39  Overlord  
  19  1:49  Drone  
  20  1:56  Queen  
  20  2:00  Zergling x2  
  20  2:01  Zergling x2, Queen  
  26  2:13  Metabolic Boost  
  26  2:14  Drone x2  
  28  2:32  Hatchery  
  27  2:38  Drone  
  27  2:42  Queen  
  30  2:49  Overlord  
  30  2:54  Drone x2  
  32  3:01  Zergling x2  
  32  3:02  Overlord  
  32  3:04  Drone  
  34  3:08  Drone x2  
  34  3:12  Drone  
  37  3:13  Drone  
  37  3:16  Drone  
  39  3:21  Queen  
  39  3:24  Drone  
  42  3:27  Zergling x2  
  43  3:36  Overlord  
  43  3:38  Drone x3  
  46  3:42  Roach Warren  
  46  3:44  Drone  
  46  3:47  Zergling x2  
  46  3:49  Zergling x2  
  46  3:52  Drone x2  
  46  3:54  Drone  
  50  3:58  Drone  
  50  4:02  Overlord  
  51  4:03  Drone x2  
  51  4:05  Zergling x2  
  51  4:08  Zergling x2  
  55  4:12  Drone x2  
  55  4:15  Overlord  
  57  4:19  Drone, Overlord  
  57  4:24  Queen  
  57  4:27  Drone x2  
  61  4:38  Drone x2  
  63  4:40  Zergling x4  
  63  4:43  Drone x2  
  63  4:44  Drone x3  
  70  4:46  Drone  
  70  4:48  Lair  
  70  4:52  Zergling x2  
  72  4:59  Spore Crawler  
  70  5:00  Drone x3  
  70  5:01  Extractor  
  70  5:02  Baneling Nest  
  70  5:04  Queen  
  70  5:06  Overlord  
  71  5:07  Drone  
  71  5:08  Drone  
  71  5:20  Drone x2, Queen  
  74  5:24  Drone x2  
  76  5:29  Overlord  
  76  5:30  Extractor  
  76  5:31  Extractor, Overlord  
  76  5:32  Drone x5  
  79  5:39  Drone x3  
  79  5:41  Extractor, Evolution Chamber x2  
  79  5:46  Centrifical Hooks  
  79  5:48  Zergling x8  
  83  5:55  Queen  
  85  5:57  Drone  
  85  6:01  Overlord  
  86  6:05  Hatchery  
  86  6:09  Zerg Ground Armor Level 1, Zerg Melee Weapons Level 1  
  86  6:11  Zergling x4  
  86  6:16  Drone x2  
  89  6:18  Zergling x10  
  89  6:22  Zergling x6  
  97  6:29  Baneling x5  
  97  6:30  Baneling, Pneumatized Carapace  
  97  6:32  Overlord  
  96  6:36  Zergling x8  
  96  6:38  Overlord  
  100  6:42  Overlord  
  100  6:46  Drone x6  
  106  6:53  Drone x2  
  108  6:54  Hydralisk Den  
  108  6:55  Baneling x2  
  108  6:56  Baneling  
  108  6:57  Zergling x2  
  108  6:58  Baneling  
  108  6:59  Baneling  
  108  7:03  Zergling x6  
  111  7:09  Zergling x4  
  113  7:16  Drone x2  
  113  7:18  Zergling x10  
  120  7:26  Baneling x13  
  120  7:29  Hatchery, Zergling x12  
  125  7:34  Zergling x2  
  122  7:43  Zergling x12  
  101  7:52  Zergling x2  
  101  7:53  Zergling x6  
  97  7:59  Baneling x8  
  97  8:04  Grooved Spines  
  98  8:05  Drone x6  
  98  8:08  Zerg Ground Armor Level 2  
  98  8:10  Zerg Melee Weapons Level 2  
  103  8:19  Hatchery  
  102  8:24  Zergling x8  
  106  8:30  Zergling x22  
  111  8:39  Queen  
  109  8:48  Zergling x10  
  112  8:50  Queen  
  109  9:01  Zergling x10  
  106  9:11  Hydralisk x5  
  106  9:12  Hydralisk x6  
  127  9:18  Zergling x4  
  127  9:19  Baneling x4  
  126  9:25  Zergling x8  
  126  9:26  Queen  
  126  9:31  Muscular Augments  
  132  9:32  Zergling x2  
  132  9:37  Hydralisk, Zergling x6  
  132  9:38  Zergling x8  
  142  9:41  Overlord  
  142  9:44  Baneling  
  142  9:45  Baneling x5  
  142  9:46  Baneling x2  
  142  9:47  Zergling x4  
  142  9:55  Overlord, Zergling x4  
  144  10:03  Zergling x16  
  152  10:12  Hatchery, Overlord x2  
  149  10:14  Overlord  
  149  10:16  Infestation Pit  
  149  10:19  Baneling x2  
  148  10:23  Zergling x10  
  148  10:25  Baneling x6  
  153  10:29  Zergling x12  
  159  10:35  Overlord  
  159  10:36  Overlord x5  
  159  10:39  Zergling x6  
  158  10:53  Hive  
  154  10:59  Drone x4  
  154  11:00  Drone x2  
  154  11:02  Zergling x2  
  154  11:03  Zergling x14  
  164  11:17  Baneling x3  
  160  11:23  Hydralisk x2, Hatchery, Zergling x2  
  160  11:24  Zergling x12  
  163  11:27  Baneling  
  163  11:28  Baneling x5  
  152  11:34  Zergling x22  
  152  11:37  Zergling x2  
  136  11:40  Zergling x2  
  136  11:41  Zergling x4  
  136  11:42  Zergling x2  
  125  11:48  Hydralisk x3  
  125  11:52  Queen  
  125  11:53  Baneling x3  
  130  11:58  Drone x6  
  136  12:05  Viper x4  
  136  12:08  Baneling x4  
  148  12:13  Zergling x6  
  144  12:19  Zergling x14  
  138  12:24  Baneling x8  
  138  12:27  Drone x2  
  138  12:28  Zergling x6  
  135  12:38  Zergling x18  
  135  12:42  Baneling  
  135  12:43  Baneling x7  
  142  12:47  Zergling x8  
  130  13:05  Drone x2  
  130  13:06  Drone x4  
  130  13:09  Hydralisk x6  
  130  13:10  Zergling x2  
  130  13:11  Baneling x2  
  149  13:19  Baneling x6, Zergling x2  
  154  13:20  Zergling x8  
  154  13:25  Zergling x10  
  159  13:32  Baneling x7  
  159  13:33  Baneling  
  159  13:39  Zergling x12  
  125  13:56  Zergling x30  
  125  14:02  Hydralisk x3  
  132  14:08  Zergling x4  
Show
View Real Time Build Order
Export as new Build Order

Maru Terran - Winner!

Build Orders: Gas First Reaper Expand, Liberator Opening, Reaper Expand, Bio Tank 

Get SALT Encoding   

  12  0:00  SCV  
  13  0:12  SCV  
  14  0:17  Supply Depot  
  14  0:25  SCV  
  15  0:29  Refinery  
  15  0:38  SCV  
  16  0:45  Barracks  
  16  0:50  SCV  
  17  1:03  SCV  
  18  1:15  SCV  
  19  1:32  Orbital Command, Reaper  
  20  1:43  Command Center  
  20  1:54  Factory  
  20  1:58  SCV  
  21  2:07  Refinery, Barracks Reactor  
  21  2:10  SCV  
  22  2:15  Supply Depot  
  22  2:22  SCV  
  23  2:37  SCV  
  23  2:41  Starport  
  24  2:52  Hellion x2  
  24  2:53  Barracks Tech Lab  
  24  2:55  Orbital Command  
  24  2:58  SCV  
  29  3:06  Liberator  
  29  3:12  SCV  
  30  3:13  Hellion x2  
  34  3:21  SCV  
  34  3:25  Barracks Tech Lab  
  38  3:32  SCV  
  38  3:33  SCV, Supply Depot  
  40  3:40  Hellion  
  44  3:41  Hellion  
  44  3:46  SCV x2  
  46  3:50  Stimpack  
  46  3:54  Marine  
  47  3:55  Supply Depot  
  47  3:59  SCV x2  
  49  4:16  SCV  
  50  4:18  Command Center  
  50  4:21  SCV  
  51  4:26  Marine  
  51  4:28  SCV  
  53  4:32  Barracks  
  53  4:33  SCV  
  53  4:35  Factory Reactor, Barracks  
  54  4:38  Starport Reactor  
  54  4:40  SCV  
  55  4:45  SCV  
  55  4:48  Engineering Bay  
  55  4:49  Engineering Bay  
  55  4:51  Marine  
  58  4:52  SCV  
  58  4:58  SCV  
  59  5:04  SCV  
  57  5:09  Marine  
  57  5:10  SCV  
  54  5:23  Terran Infantry Weapons Level 1, Terran Infantry Armor Level 1  
  54  5:24  Marine x2  
  54  5:26  Marine  
  54  5:27  SCV x2  
  59  5:30  Refinery  
  59  5:31  Siege Tank, Supply Depot, Medivac x2  
  59  5:32  Marine x2  
  68  5:37  Orbital Command  
  68  5:41  SCV  
  68  5:42  SCV, Marine  
  71  5:44  Refinery, Marine  
  71  5:45  Marine  
  71  5:49  Marine x2  
  73  5:50  Combat Shields  
  73  5:51  Supply Depot  
  73  5:54  SCV  
  76  5:59  Marine  
  76  6:02  Orbital Command, Marine  
  76  6:03  Marine  
  79  6:04  SCV  
  79  6:06  SCV  
  79  6:07  Marine  
  79  6:09  Marine  
  83  6:15  Siege Tank, Medivac  
  83  6:17  Marine  
  89  6:19  SCV, Supply Depot  
  89  6:20  Marine  
  89  6:21  Marine  
  89  6:23  Supply Depot  
  89  6:24  Armory  
  92  6:28  Marine  
  93  6:40  SCV x3, Marine x2  
  93  6:43  Marine  
  93  6:44  Marine  
  93  6:45  Supply Depot  
  93  6:46  Marine, Supply Depot  
  100  6:52  SCV, Siege Tank  
  100  6:53  SCV x2  
  106  6:58  Marine  
  107  7:01  Marine  
  107  7:02  Barracks x2  
  107  7:04  SCV  
  107  7:07  SCV, Medivac x2  
  107  7:08  Marine  
  115  7:14  SCV  
  116  7:16  SCV  
  116  7:17  Supply Depot  
  116  7:19  SCV, Supply Depot  
  118  7:24  Terran Infantry Weapons Level 2  
  118  7:29  Marine x4  
  119  7:30  Marine  
  119  7:31  Terran Infantry Armor Level 2  
  119  7:33  SCV x2  
  125  7:38  Supply Depot  
  125  7:39  SCV  
  126  7:45  SCV  
  126  7:47  Marine  
  108  7:54  Marine x4  
  108  7:56  Barracks Reactor x2  
  108  7:58  Siege Tank, Medivac  
  101  8:05  SCV x2, Marine  
  104  8:07  Refinery x2  
  104  8:11  Marine  
  104  8:12  Marine x3  
  108  8:13  Terran Vehicle Weapons Level 1  
  108  8:19  Factory  
  108  8:21  SCV x2  
  108  8:23  Marine  
  111  8:29  Marine, Medivac  
  111  8:30  Marine x3  
  117  8:34  Siege Tank  
  117  8:38  Marine x4  
  117  8:40  Marine  
  125  8:44  SCV x3  
  125  8:45  Supply Depot  
  125  8:46  Supply Depot  
  125  8:47  Marine x4  
  129  8:56  Marine x4  
  129  8:57  Medivac  
  129  8:58  Marine  
  129  9:00  Supply Depot  
  131  9:03  Command Center  
  131  9:05  Marine x4  
  131  9:06  Siege Tank  
  138  9:12  Medivac  
  138  9:13  Marine  
  138  9:14  Marine x3  
  138  9:16  Marine  
  145  9:21  Factory Tech Lab, Barracks x2  
  145  9:23  Marine x2  
  147  9:25  Liberator  
  147  9:27  Medivac  
  147  9:28  Marine  
  147  9:29  Marine  
  151  9:31  Marine  
  151  9:32  Marine  
  151  9:35  Marine x3  
  151  9:36  Supply Depot  
  151  9:38  Siege Tank, Supply Depot  
  156  9:40  Marine, Liberator  
  156  9:41  Marine  
  164  9:46  Marine x2  
  164  9:49  Marine x2  
  164  9:50  Terran Infantry Weapons Level 3  
  164  9:52  Marine  
  164  9:58  Marine x3  
  164  9:59  Siege Tank  
  174  10:04  Marine x2  
  175  10:10  Siege Tank, Supply Depot  
  178  10:16  Terran Infantry Armor Level 3  
  178  10:21  Barracks Tech Lab x2  
  172  10:23  Barracks  
  172  10:30  Marine x4  
  176  10:37  Siege Tank  
  176  10:39  Planetary Fortress  
  179  10:46  Marine x4  
  183  10:50  Siege Tank  
  183  10:54  Marine  
  187  10:58  Supply Depot  
  187  10:59  Marine  
  188  11:09  Siege Tank  
  191  11:15  Refinery, Ghost Academy  
  191  11:16  Refinery, Command Center  
  96  11:18  Liberator x2  
  190  11:22  Siege Tank  
  190  11:24  Marauder x3, Marine x3  
  187  11:32  Marine x2  
  175  11:37  Marine x3  
  169  11:44  Siege Tank  
  169  11:45  Marauder  
  169  11:46  Marauder  
  152  11:53  Barracks Tech Lab  
  152  11:54  Marine, Concussive Shells  
  148  11:55  Marauder, Marine x2  
  148  11:59  SCV x3, Command Center  
  156  12:07  Marauder x2, Marine x3  
  163  12:11  Liberator  
  155  12:16  Marauder  
  155  12:18  Marine x2  
  155  12:19  Marauder  
  155  12:21  Marine x2  
  150  12:25  Marine x3  
  150  12:28  Marauder x2  
  160  12:33  Marine  
  160  12:36  Marine  
  158  12:38  Marauder, Marine  
  158  12:39  Marine x2  
  158  12:40  Marauder  
  158  12:43  Marine x2  
  163  12:47  Marine  
  163  12:50  Marauder x2  
  165  12:51  Marine  
  165  12:54  Marine  
  165  12:56  Marine x2  
  166  12:59  Marauder, Siege Tank  
  166  13:01  Marauder  
  173  13:08  Planetary Fortress  
  173  13:11  Marauder x2  
  173  13:12  Marine x3  
  180  13:21  Marauder  
  180  13:23  Marauder  
  180  13:24  Siege Tank, Marine x2  
  189  13:31  Siege Tank  
  189  13:32  Marauder, Marine x3  
  189  13:33  Marauder  
  198  13:35  Marine  
  199  13:43  Command Center  
  199  13:44  Marauder  
  188  13:51  Marine  
  188  13:52  Marauder, Marine  
  188  13:53  Marine x2  
  188  13:54  Marauder x2  
  188  13:55  Marine x3  
  177  14:01  Marine  
Tags
 
Add a new tag
Caveats
  • Supply blocks, unpowered buildings, or Contaminate may cause inaccurate times.
  • Supply counts are checked every 10 seconds.